 Dungeon Crawl Stone Soup version 0.27-a0-1200-g94dc6ad4cf (webtiles) character file.

Game seed: 6913079488908564239

48 Ekaitz the Stinger (level 3, -3/25 HPs)
             Began as a Demonspawn Venom Mage on June 1, 2021.
             Killed by divine providence
             ... invoked by an orc priest
              (12 damage)
             ... on level 2 of the Dungeon.
             The game lasted 00:04:05 (2028 turns).

Ekaitz the Stinger (Demonspawn Venom Mage)          Turns: 2028, Time: 00:04:06

Health: -3/25      AC:  5    Str:  9    XL:     3   Next: 50%
Magic:  1/6        EV: 11    Int: 16    God:
Gold:   41         SH:  0    Dex: 13    Spells: 0/6 levels left

rFire    . . .     SeeInvis .   e - +0 dagger
rCold    . . .     Faith    .   (no shield)
rNeg     . . .     Spirit   .   d - +0 leather armour
rPois    .         Reflect  .   (no helmet)
rElec    .         Harm     .   (no cloak)
rCorr    .         Rampage  .   (no gloves)
Will     .....                  (no boots)
Stlth    ++........             (no amulet)
HPRegen  0.08/turn              (no ring)
MPRegen  0.10/turn              (no ring)

@: no status effects
A: thin metallic scales 1
a: no special abilities


You were on level 2 of the Dungeon.
You visited 1 branch of the dungeon, and saw 2 of its levels.

You collected 41 gold pieces.

Inventory:

Hand Weapons
 e - a +0 dagger (weapon)
Missiles
 g - 53 stones
Armour
 a - a +0 robe
 d - a +0 leather armour (worn)
Scrolls
 b - a scroll of fog {unknown}
 c - 2 scrolls of enchant weapon {unknown}
 f - 3 scrolls of teleportation {unknown}
 h - a scroll of amnesia {unknown}


   Skills:
 * Level 0.8 Fighting
 + Level 0.1 Short Blades
 + Level 0.2 Armour
 * Level 2.0 Dodging
 + Level 1.8 Stealth
 + Level 2.4 Spellcasting
 * Level 0.1 Conjurations
 + Level 1.2 Transmutations
 * Level 0.9 Air Magic
 + Level 3.3 Poison Magic


You couldn't memorise any spells.
You knew the following spells:

 Your Spells              Type           Power      Damage    Failure   Level
a - Sting                 Tmut/Pois      36%        1d4       11%         1
b - Poisonous Vapours     Pois/Air       16%        N/A       19%         2
c - Mephitic Cloud        Conj/Pois/Air  6%         N/A       43%         3

Your spell library contained the following spells:

 Spells                   Type           Power      Damage    Failure   Level
 Ignite Poison            Fire/Tmut/Pois 6%         N/A       41%         3
 Olgreb's Toxic Radiance  Pois           12%        N/A       56%         4


Dungeon Overview and Level Annotations

Branches:
Dungeon (2/15)

Altars:


Innate Abilities, Weirdness & Mutations

You are partially covered in thin metallic scales. (AC +2)


Message History

Aiming: Poisonous Vapours (safe; 19% risk of failure)
Press: ? - help, Dir - move target, f/p - orc priest
Aim: an orc priest, wielding a +0 mace (lightly wounded, poisoned)
You miscast Poisonous Vapours.
You are very lightly contaminated with residual magic.
Nothing appears to happen.
Unknown command.
The orc priest invokes the aid of Beogh against you.
Beogh smites you!
Casting: Poisonous Vapours (safe; 19% risk of failure)
Confirm with . or Enter, or press ? or * to list all spells.
Aiming: Sting (safe; 11% risk of failure)
Press: ? - help, Shift-Dir - straight line, f - orc, p - orc priest
Aim: an orc, wielding a +0 club (68% to hit)
The sting hits the orc.
The orc is poisoned.
The orc is heavily wounded.
The orc priest looks more healthy.
An orc comes into view. It is wielding a +0 short sword.
The orc misses you.
Your magical contamination has completely faded away.
You kill the orc!
Casting: Sting (safe; 11% risk of failure)
Confirm with . or Enter, or press ? or * to list all spells.
Aiming: Sting (safe; 11% risk of failure)
Press: ? - help, Shift-Dir - straight line, f - orc priest
Aim: an orc priest, wielding a +0 mace (heavily wounded, 68% to hit)
The sting hits the orc priest but does no damage.
The orc priest is poisoned.
The orc priest is heavily wounded.
Unknown command.
The orc priest hits you with a +0 mace.
You hit the orc priest.
The orc priest is heavily wounded.
The orc priest barely misses you.
You closely miss the orc priest.
The orc priest is heavily wounded.
The orc priest hits you with a +0 mace.
The orc priest mumbles some strange prayers to Beogh against you.
Beogh smites you!
You die...

# #############.. #..)..≈........
#.###.≈....##.# #.# #..†...##.#
#.# #.≈....##.# #.# #.≈....##.#
#.# #....^###.##################
##.#####.≈......@.oo.............
......###.####.############....##
.#.##.# #....#.# #....# .#.##.#
#.##.#.############....## .#(##.#
#>....................).. ...##.#
#.#####################). #####.#
#.# .. #.######## .# #........#
.#


You could see an orc priest (poisoned) and an orc.

Vanquished Creatures
  A worm (D:2)
  2 orcs (D:2)
  3 endoplasms (D:1)
  12 jackals
  4 quokkas (D:1)
  3 ball pythons (D:1)
  4 bats (D:1)
  3 goblins
  3 kobolds
  2 rats (D:1)
37 creatures vanquished.

Notes
Turn   | Place    | Note
-------+----------+-------------------------------------------
     0 | D:1      | Ekaitz the Demonspawn Venom Mage began the quest for the
                  | Orb.
     0 | D:1      | Reached XP level 1. HP: 13/13 MP: 3/3
   135 | D:1      | Reached skill level 1 in Transmutations
   518 | D:1      | Gained mutation: You are partially covered in thin metallic
                  | scales. (AC +2) [demonic ancestry]
   518 | D:1      | Reached XP level 2. HP: 18/19 MP: 0/5
   554 | D:1      | Learned a level 2 spell: Poisonous Vapours
   884 | D:1      | Found a faded altar of an unknown god.
  1179 | D:1      | Reached XP level 3. HP: 25/25 MP: 0/6
  1183 | D:1      | Learned a level 3 spell: Mephitic Cloud
  2028 | D:2      | Killed from afar by an orc priest

Illustrated notes

Levels and vault maps discovered:
D:1:      dpeg_arrival_oval, layout_loops_corners,
          chequers_ecumenical_altar_island
D:2:      layout_basic, serial_shops, shop, basic_altar,
          chequers_serial_rivers_micro_c, chequers_decorated_corner

Skill      XL: |  1  2  3 |
---------------+----------+-----
Transmutations | 1 |  1.2
Dodging        | 2 |  2.0
Fighting       | |  0.8
Short Blades   | |  0.1
Armour         | |  0.2
Stealth        | |  1.8
Spellcasting   | |  2.4
Conjurations   | |  0.1
Air Magic      | |  0.9
Poison Magic   | |  3.3

Action                   || total
-------------------------++-------
Melee: Dagger            ||    50
 Cast: Sting             ||    38
       Poisonous Vapours ||    14
 Stab: Sleeping          ||     3
Armor: Leather armour    ||    30
Dodge: Dodged            ||    44

Table legend: (Time is in decaauts)
 A = Elapsed time spent in this place.
 B = Non-inter-level travel time spent in this place.
 C = Inter-level travel time spent in this place.
 D = Time resting spent in this place.
 E = Time spent auto-exploring this place.
 F = Levels seen in this place.
 G = Mean time per level.
                   A        B        C        D        E       F      G
               +--------+--------+--------+--------+--------+-----+--------+
         Total |   2028 |   1981 |     47 |     39 |   1618 |   2 | 1014.0 |
       Dungeon |   2028 |   1981 |     47 |     39 |   1618 |   2 | 1014.0 |
               +--------+--------+--------+--------+--------+-----+--------+

Top non-repeatable levels by time:
     D:1: 1697 daAuts
     D:2: 331 daAuts
